 Dungeon Crawl Stone Soup version 0.29.1-4-g47bece8355 (webtiles) character file.

Game seed: 5785634441320513766

264 venomsnake the Trooper (level 5, -1/49 HPs)
             Began as a Minotaur Berserker on Dec 10, 2022.
             Was a Believer of Trog.
             Slain by a jelly (2 damage)
             ... on level 4 of the Dungeon.
             The game lasted 00:06:51 (3263 turns).

venomsnake the Trooper (Minotaur Berserker)         Turns: 3263, Time: 00:06:52

Health: -1/49      AC:  1    Str: 24    XL:     5   Next: 98%
Magic:  4/4        EV:  4    Int:  4    God:    Trog [**....]
Gold:   163        SH:  9    Dex:  9    Spells: 4/4 levels left

rFire   . . .      SeeInvis .   a - +0 hand axe
rCold   + . .      Faith    .   q - +0 tower shield
rNeg    . . .      Spirit   .   g - +0 chain mail
rPois   .          Reflect  .   (helmet restricted)
rElec   .          Harm     .   (no cloak)
rCorr   .          Rampage  .   (no gloves)
Will    .....                   (no boots)
Stlth   ..........              (no amulet)
HPRegen 0.16/turn               j - ring of flight
MPRegen 0.09/turn               p - ring of protection from cold

@: corroded, flying
A: horns 2, retaliatory headbutt
a: Renounce Religion, Berserk, Trog's Hand


You were on level 4 of the Dungeon.
You worshipped Trog.
Trog was pleased with you.
You visited 1 branch of the dungeon, and saw 4 of its levels.

You collected 163 gold pieces.

Inventory:

Hand Weapons
 a - a +0 hand axe (weapon)
Armour
 e - an orb of energy
 g - a +0 chain mail (worn)
 q - a +0 tower shield (worn)
Jewellery
 j - a ring of flight (left hand)
 p - a ring of protection from cold (right hand)
Scrolls
 c - 2 scrolls of identify {unknown}
 h - a scroll of amnesia {unknown}
 k - 3 scrolls of teleportation {unknown}
 m - a scroll of blinking {unknown}
 o - a scroll of noise {unknown}
Potions
 b - a potion of degeneration {unknown}
 d - 2 potions of curing {unknown}
 f - 2 potions of attraction {unknown}
 i - 3 potions of haste {unknown}
 l - a potion of heal wounds {unknown}
 n - 2 potions of berserk rage {unknown}
 r - a potion of lignification {unknown}
 s - a potion of ambrosia {unknown}


   Skills:
 * Level 5.6 Fighting
 + Level 4.6 Axes
 + Level 3.8 Armour
 + Level 3.3 Dodging
 + Level 1.7 Evocations


You had 4 spell levels left.
You didn't know any spells.
Your spell library was empty.

Dungeon Overview and Level Annotations

Branches:
Dungeon (4/15)             Temple (0/1) D:4

Altars:
Dithmenos
Wu Jian
The Shining One


Innate Abilities, Weirdness & Mutations

You have a pair of horns on your head.
You reflexively headbutt those who attack you in melee.


Message History

You see here a quokka corpse.
A jelly comes into view.
You hit the jelly but do no damage.
Your hands burn!
You headbutt the jelly.
The jelly is moderately wounded.
The jelly hits you but does no damage. x2
You hit the jelly but do no damage.
Your hands burn!
The jelly is moderately wounded.
You block the jelly's attack. The jelly hits you but does no damage.
You hit the jelly.
Your hands burn!
The jelly is severely wounded.
The jelly hits you. The acid corrodes you!
You are splashed with acid!
You are too injured to fight recklessly!
You are too injured to fight recklessly!
You are too injured to fight recklessly!
You are too injured to fight recklessly!
You are too injured to fight recklessly!
You are too injured to fight recklessly!
You are too injured to fight recklessly!
You are too injured to fight recklessly!
You are too injured to fight recklessly!
You hit the jelly. The acid corrodes you!
Your hands burn!
The jelly is almost dead.
The jelly hits you.
You are splashed with acid!
The jelly barely misses you.
You hit the jelly but do no damage.
Your hands burn!
* * * LOW HITPOINT WARNING * * *
You headbutt the jelly, but do no damage.
The jelly is almost dead.
You block the jelly's attack.
You hit the jelly but do no damage.
Your hands burn!
* * * LOW HITPOINT WARNING * * *
The jelly is almost dead.
You block the jelly's attack. The jelly hits you.
* * * LOW HITPOINT WARNING * * *
You are splashed with acid!
* * * LOW HITPOINT WARNING * * *
You barely miss the jelly.
You headbutt the jelly, but do no damage.
The jelly is almost dead.
The jelly hits you.
You die...

### ..# ..## [..##
#########
....#####.......#####
......#...#####.@...#
##†......## ###J..#
####....## ..##
##..## ..# ##..## .##
#....# ## ##....#
##..##..# ##..##
#....


You could see a jelly.

Vanquished Creatures
  A black bear (D:4)
  Blork the orc (D:4)
  A hound (D:3)
  2 adders
  2 worms
  3 dart slugs
  4 ball pythons
  5 endoplasms
  2 giant cockroaches
  7 goblins
  6 hobgoblins
  3 quokkas
  7 bats
  5 kobolds
49 creatures vanquished.

Notes
Turn   | Place    | Note
-------+----------+-------------------------------------------
     0 | D:1      | venomsnake the Minotaur Berserker began the quest for the
                  | Orb.
     0 | D:1      | Reached XP level 1. HP: 19/19 MP: 0/0
   396 | D:1      | Reached XP level 2. HP: 27/27 MP: 1/1
   661 | D:1      | Reached skill level 4 in Fighting
  1031 | D:2      | Reached ** piety under Trog
  1036 | D:2      | Reached XP level 3. HP: 30/33 MP: 2/2
  1825 | D:3      | Found a glowing golden altar of the Shining One.
  1847 | D:3      | Found a shadowy altar of Dithmenos.
  2106 | D:3      | Reached skill level 1 in Evocations
  2106 | D:3      | Reached XP level 4. HP: 27/41 MP: 3/3
  2590 | D:4      | Found an ornate altar of the Wu Jian Council.
  2630 | D:4      | Noticed a black bear
  2639 | D:4      | HP: 2/41 [black bear (4)]
  2640 | D:4      | Killed a black bear
  2641 | D:4      | Reached skill level 5 in Fighting
  2641 | D:4      | Reached XP level 5. HP: 2/48 MP: 4/4
  2960 | D:4      | Noticed Blork the orc
  2978 | D:4      | Killed Blork the orc
  3169 | D:4      | Found a staircase to the Ecumenical Temple.
  3262 | D:4      | HP: 1/49 [acid (9)]
  3263 | D:4      | Slain by a jelly

Illustrated notes

Levels and vault maps discovered:
D:1:      reono_arrival_mine, layout_basic
D:2:      layout_basic, kennysheep_generic_room_7
D:3:      layout_basic, mainiacjoe_overflow_catwalk_spiral,
          minmay_misc_feat_pillars
D:4:      layout_layer_cave, palyth_temple_overflow_mages,
          nzn_wu_jian_contemplation, amethyst_overflow_temple_binary,
          minmay_temple_entry_statues_fountains, uniq_robin, uniq_blork_the_orc

Skill      XL: |  1  2  3  4 |
---------------+-------------+-----
Fighting       | 4 5 |  5.6
Armour         | 3 |  3.8
Axes           | 4 |  4.6
Evocations     | 1 |  1.7
Dodging        | 3 |  3.3

Action                   |  1- 3 |  4- 6 || total
-------------------------+-------+-------++-------
Melee: Hand axe          |    88 |    53 ||   141
       Headbutt          |    16 |    11 ||    27
Throw: Stone             |     2 |       ||     2
Armor: Animal skin       |     4 |       ||     4
       Chain mail        |    48 |    34 ||    82
Dodge: Dodged            |    39 |    16 ||    55
Block: Tower shield      |       |    34 ||    34
